[Event "Team 45 45 League T93"]
[Site "Internet Chess Club"]
[Date "2022.07.25"]
[Round "2"]
[White "BlueStorm"]
[Black "WillC"]
[Result "0-1"]
[WhiteElo "1365"]
[BlackElo "1565"]
[Opening "Dutch"]
[ECO "A80"]
[Time "17:30:53"]
[PlyCount "128"]
[TimeControl "2700+45"]

1. d4 f5 2. e3 Nf6 3. c4 g6 4. Nc3 Bg7 5. Bd3 O-O 6. Nf3 d6 7. Bd2 Qe8 8. Qc2 e5
9. dxe5 dxe5 10. Be2 Nc6 11. a3 Be6 12. b4 e4 13. Nd4 Nxd4 14. exd4 c6 15. O-O
Rd8 16. Be3 Qf7 17. Na4 Nd7 18. Rfd1 f4 19. Bc1 f3 20. Bf1 Bf5 21. Be3 h6 22.
Rac1 Kh7 23. Nc3 Nf6 24. Qd2 Ng4 25. d5 Be5 26. Bf4 g5 27. Bxe5 Nxe5 28. Qd4
fxg2 29. Bxg2 Nf3+ 30. Bxf3 exf3 31. Ne4 Qg6 32. Ng3 h5 33. Nxf5 Qxf5 34. Qd3
cxd5 35. Qxf5+ Rxf5 36. Rd4 Re5 37. Rcd1 Rde8 38. Kf1 dxc4 39. Rxc4 R8e7 40.
Rdc1 Kg6 41. Rc5 R5e6 42. R5c4 g4 43. a4 Kg5 44. Rc7 Kh4 45. Rxe7 Rxe7 46. Rc5
Rd7 47. Ke1 Rd4 48. Rb5 b6 49. a5 bxa5 50. Rxa5 Rxb4 51. Rxa7 Rb1+ 52. Kd2 Rh1
53. Ke3 Rxh2 54. Rh7 Rh1 55. Rd7 Kh3 56. Rd2 Kg2 57. Kf4 Rf1 58. Ke3 Re1+ 59.
Kf4 Re2 60. Rd5 g3 61. Rxh5 gxf2 62. Rg5+ Kf1 63. Kxf3 Ke1 64. Ra5 f1=Q+ {White
resigns} 0-1

[Event "Team 45 45 League T93"]
[Site "Internet Chess Club"]
[Date "2022.07.20"]
[Round "2"]
[White "ChessMaine"]
[Black "BrerRabbit"]
[Result "1/2-1/2"]
[WhiteElo "1435"]
[BlackElo "1373"]
[Opening "Queen's pawn game"]
[ECO "D00"]
[Time "16:16:14"]
[PlyCount "90"]
[TimeControl "2700+45"]

1. d4 d5 2. e3 c6 3. Bd3 Nf6 4. Nd2 Bg4 5. f3 Bh5 6. c3 Nbd7 7. Qc2 Bg6 8. e4
dxe4 9. fxe4 e5 10. Ngf3 Bd6 11. O-O O-O 12. Nc4 Qc7 13. Bg5 Rfe8 14. Bxf6 Nxf6
15. Nxd6 Qxd6 16. dxe5 Qc5+ 17. Kh1 Ng4 18. Qb3 Nf2+ 19. Rxf2 Qxf2 20. Qxb7 Qb6
21. Qd7 Rad8 22. Qg4 Rxd3 23. Rf1 Qd8 24. Nd4 Rxd4 25. cxd4 Qxd4 26. Rd1 Qxe4
27. Qd7 Qxe5 28. h3 Kf8 29. Qxc6 Be4 30. Qd7 Qe7 31. Qd2 Qe6 32. Qf2 Qxh3+ 33.
Kg1 Qf5 34. Qxa7 Qg4 35. Rd2 Bf5 36. Rf2 Bg6 37. Qb7 Qh4 38. b4 Re1+ 39. Rf1
Rxf1+ 40. Kxf1 Qe7 41. Qc8+ Qe8 42. Qc5+ Qe7 43. Qc8+ Qe8 44. Qc5+ Qe7 45. Qc8+
Qe8 {Game drawn by repetition} 1/2-1/2

[Event "Team 45 45 League T93"]
[Site "Internet Chess Club"]
[Date "2022.07.24"]
[Round "2"]
[White "stantheman59"]
[Black "sdcohle"]
[Result "0-1"]
[WhiteElo "1141"]
[BlackElo "1371"]
[Opening "Queen's pawn game"]
[ECO "D02"]
[Time "18:04:52"]
[PlyCount "82"]
[TimeControl "2700+45"]

1. d4 d5 2. Nf3 e6 3. c4 c6 4. Nc3 Bd6 5. a3 Nf6 6. Bg5 O-O 7. e4 dxe4 8. Nxe4
Nbd7 9. Nxf6+ Nxf6 10. c5 Be7 11. Bd3 Nd5 12. Bd2 Re8 13. O-O Qc7 14. Qc2 Nf6
15. Ne5 Rd8 16. Be3 h6 17. b4 a6 18. Rfe1 Bd7 19. Bf4 Bf8 20. Re3 Be8 21. Ng6
Qd7 22. Nxf8 Kxf8 23. Be5 Ng4 24. Bd6+ Kg8 25. Bh7+ Kh8 26. Rg3 f5 27. Bxf5 exf5
28. Re1 Bg6 29. Re7 Re8 30. Rxe8+ Rxe8 31. Qd1 Qe6 32. Be5 Nxe5 33. dxe5 f4 34.
Rxg6 Qxg6 35. h3 Qe6 36. a4 Qxe5 37. Qd7 Re7 38. Qd8+ Kh7 39. Qb6 Qe1+ 40. Kh2
Qxf2 41. Qd8 Qg3+ {White resigns} 0-1

[Event "Team 45 45 League T93"]
[Site "Internet Chess Club"]
[Date "2022.07.22"]
[Round "2"]
[White "elmaestro"]
[Black "VictorRed"]
[Result "0-1"]
[WhiteElo "1666"]
[BlackElo "1689"]
[Opening "Queen's pawn: stonewall attack"]
[ECO "D00"]
[Time "17:22:46"]
[PlyCount "54"]
[TimeControl "2700+45"]

1. d4 d5 2. e3 Nf6 3. Bd3 Nc6 4. f4 Bg4 5. Nf3 Nb4 6. Be2 Bf5 7. Na3 a6 8. c3
Nc6 9. h3 h6 10. g4 Be4 11. O-O e6 12. Bd3 Bxd3 13. Qxd3 Ne4 14. Nc2 Qd7 15.
Nce1 O-O-O 16. Ne5 Nxe5 17. fxe5 h5 18. Nf3 hxg4 19. hxg4 Qe7 20. Kg2 f5 21.
exf6 gxf6 22. Bd2 Qg7 23. Nh2 Bd6 24. Rh1 Bxh2 25. Rxh2 Qxg4+ 26. Kh1 Rxh2+ 27.
Kxh2 Rh8# {White checkmated} 0-1

[Event "Team 45 45 League T93"]
[Site "Internet Chess Club"]
[Date "2022.07.22"]
[Round "2"]
[White "jjmolina1"]
[Black "burlap"]
[Result "1-0"]
[WhiteElo "1438"]
[BlackElo "1460"]
[Opening "French: Winawer, advance, 6...Ne7"]
[ECO "C18"]
[Time "11:03:51"]
[PlyCount "55"]
[TimeControl "2700+45"]

1. e4 e6 2. d4 d5 3. Nc3 Bb4 4. e5 c5 5. a3 Bxc3+ 6. bxc3 Ne7 7. Bd3 Nbc6 8. Nf3
Qa5 9. Bd2 c4 10. Be2 Bd7 11. Ra2 O-O 12. O-O Nf5 13. Kh1 Qd8 14. Bg5 Nce7 15.
g4 h6 16. Bd2 f6 17. gxf5 fxe5 18. dxe5 Rxf5 19. Rg1 Be8 20. Bxh6 Ng6 21. Bg5
Qd7 22. Rg3 Nxe5 23. Nxe5 Rxe5 24. Bh6 Kh7 25. Rxg7+ Qxg7 26. Bxg7 Kxg7 27. Qd4
Kf6 28. f4 {Black resigns} 1-0

[Event "Team 45 45 League T93"]
[Site "Internet Chess Club"]
[Date "2022.07.23"]
[Round "2"]
[White "jcule"]
[Black "isolani"]
[Result "1-0"]
[WhiteElo "1332"]
[BlackElo "1231"]
[Opening "Trompowsky attack (Ruth, Opocenský opening)"]
[ECO "A45"]
[Time "16:02:52"]
[PlyCount "65"]
[TimeControl "2700+45"]

1. d4 Nf6 2. Bg5 d6 3. Nf3 Nbd7 4. e3 c6 5. c4 Ne4 6. Bh4 g5 7. Bg3 Ndf6 8. Bd3
Bg7 9. O-O Nxg3 10. fxg3 h6 11. Nc3 Bd7 12. Qc2 e6 13. b4 O-O 14. Rad1 Qe7 15.
h3 Rac8 16. Ne4 Nxe4 17. Bxe4 f5 18. Bd3 e5 19. dxe5 dxe5 20. Nd2 e4 21. Be2 Be5
22. g4 Qxb4 23. Nxe4 fxe4 24. Rxd7 Rxf1+ 25. Bxf1 Qe1 26. Qxe4 Bg7 27. Qe6+ Kh8
28. Rxg7 Kxg7 29. Qxc8 Qxe3+ 30. Kh1 Qf2 31. Qxb7+ Kg8 32. Qc8+ Kg7 33. Qf5
{Black resigns} 1-0

[Event "Team 45 45 League T93"]
[Site "Internet Chess Club"]
[Date "2022.07.23"]
[Round "2"]
[White "olivermx"]
[Black "Fulmar"]
[Result "1-0"]
[WhiteElo "1345"]
[BlackElo "1237"]
[Opening "French: advance, Paulsen attack"]
[ECO "C02"]
[Time "13:22:37"]
[PlyCount "89"]
[TimeControl "2700+45"]

1. e4 e6 2. d4 d5 3. e5 c5 4. c3 Nc6 5. Nf3 Qb6 6. a3 c4 7. Nbd2 Na5 8. h4 Nh6
9. g3 Be7 10. Bh3 O-O 11. O-O f6 12. Re1 Nf7 13. exf6 Bxf6 14. Rb1 Bd7 15. Nf1
Rae8 16. Bf4 h6 17. Kg2 Qd8 18. N1h2 Nh8 19. Ng4 Nf7 20. Nge5 Nxe5 21. Nxe5 Bxe5
22. Bxe5 Qe7 23. Qg4 Nc6 24. f4 Rf7 25. Rf1 Ref8 26. Qe2 Nxe5 27. fxe5 Rxf1 28.
Rxf1 Rxf1 29. Qxf1 Qf7 30. Qe2 Qg6 31. Bg4 Qe4+ 32. Qxe4 dxe4 33. Kf2 Kf7 34. h5
Bc6 35. Ke3 g6 36. hxg6+ Kxg6 37. Bxe6 b5 38. g4 Kg5 39. Bf5 Kh4 40. Be6 Kg5 41.
d5 Be8 42. Kxe4 Bf7 43. Bxf7 Kxg4 44. d6 h5 45. Bxh5+ {Black resigns} 1-0

[Event "Team 45 45 League T93"]
[Site "Internet Chess Club"]
[Date "2022.07.24"]
[Round "2"]
[White "room-matt"]
[Black "Portola"]
[Result "0-1"]
[WhiteElo "1776"]
[BlackElo "1711"]
[Opening "French: Rubinstein variation"]
[ECO "C10"]
[Time "10:02:26"]
[PlyCount "90"]
[TimeControl "2700+45"]

1. e4 e6 2. d4 d5 3. Nc3 dxe4 4. Nxe4 Be7 5. Nf3 Nd7 6. Bd3 Ngf6 7. Nxf6+ Bxf6
8. c4 c5 9. d5 exd5 10. Qe2+ Qe7 11. cxd5 Qxe2+ 12. Bxe2 O-O 13. O-O Nb6 14. d6
Bd7 15. Bd3 Rfe8 16. Ng5 h6 17. Ne4 Bd4 18. Rb1 Rad8 19. Bd2 Be6 20. b3 Bd5 21.
Rfe1 Bc6 22. Rbc1 Nd7 23. Bf4 b6 24. Rcd1 g5 25. Bg3 f5 26. Nxg5 hxg5 27. Rxe8+
Rxe8 28. Bxf5 Bc3 29. h4 gxh4 30. Bxh4 Re1+ 31. Rxe1 Bxe1 32. g4 Bd2 33. Be7 Kg7
34. g5 Bf4 35. Kf1 Bb5+ 36. Ke1 Bc6 37. a3 b5 38. Kd1 c4 39. b4 Be5 40. Kc2 Nb6
41. Kb1 Bd7 42. Bxd7 Nxd7 43. Kc2 Kf7 44. f3 Nb8 45. Kd2 Nc6 {White resigns} 0-1

[Event "Team 45 45 League T93"]
[Site "Internet Chess Club"]
[Date "2022.07.25"]
[Round "2"]
[White "nosir"]
[Black "Electryon"]
[Result "1/2-1/2"]
[WhiteElo "1353"]
[BlackElo "1420"]
[Opening "Queen's pawn"]
[ECO "A40"]
[Time "15:00:11"]
[PlyCount "124"]
[TimeControl "2700+45"]

1. d4 e6 2. g3 f5 3. Bg2 Nf6 4. Nd2 Be7 5. c4 d6 6. Qc2 O-O 7. Nh3 e5 8. dxe5
dxe5 9. e4 Ng4 10. exf5 Nc6 11. O-O Bxf5 12. Be4 Bxe4 13. Qxe4 Qd4 14. Qe2 Rad8
15. Ne4 Qd7 16. Bg5 Nd4 17. Qd1 Nf3+ 18. Kg2 Ngxh2 19. Rh1 Qf5 20. Qe2 Bxg5 21.
Nhxg5 Nxg5 22. Nxg5 Qxg5 23. Rxh2 Rd2 24. Rh5 Rxe2 25. Rxg5 Rfxf2+ 26. Kg1 Rg2+
27. Kf1 Rxb2 28. Rxe5 Rxg3 29. Rae1 Rf3+ 30. Kg1 Rf7 31. Re8+ Rf8 32. R8e7 Rf7
33. Re8+ Rf8 34. R8e7 Rxa2 35. Rxc7 Ra6 36. c5 Rc6 37. Rxb7 Rxc5 38. Rxa7 Rg5+
39. Kh1 h6 40. Rb7 Rf4 41. Re2 Rh4+ 42. Rh2 Rxh2+ 43. Kxh2 Rg4 44. Kh3 h5 45.
Rb5 g6 46. Rb7 Rf4 47. Kg3 Rf7 48. Rb5 Kg7 49. Kh4 Kh6 50. Rb6 Rf4+ 51. Kg3 Kg5
52. Rxg6+ Kxg6 53. Kxf4 Kf6 54. Kg3 Kg5 55. Kh3 h4 56. Kg2 Kg4 57. Kh2 h3 58.
Kg1 Kg3 59. Kh1 Kf3 60. Kh2 Kg4 61. Kg1 Kg3 62. Kh1 h2 {White stalemated}
1/2-1/2

[Event "Team 45 45 League T93"]
[Site "Internet Chess Club"]
[Date "2022.07.25"]
[Round "2"]
[White "clarinetref"]
[Black "g8wrb"]
[Result "1-0"]
[WhiteElo "1465"]
[BlackElo "1272"]
[Opening "French: exchange variation"]
[ECO "C01"]
[Time "10:04:17"]
[PlyCount "123"]
[TimeControl "2700+45"]

1. e4 e6 2. d4 d5 3. exd5 exd5 4. Bd3 Bd6 5. Ne2 Nf6 6. Bf4 O-O 7. Bxd6 Qxd6 8.
O-O Bg4 9. f3 Be6 10. c3 c6 11. Qc2 Nbd7 12. Nd2 Rfe8 13. Rae1 Nf8 14. Ng3 Ng6
15. Bf5 Qf4 16. Bxe6 Rxe6 17. Nb3 Rae8 18. Rxe6 Rxe6 19. Nc5 Re7 20. Qb3 b6 21.
Nd3 Qd2 22. Rd1 Qe3+ 23. Kh1 Qe6 24. Qc2 Nf4 25. Ne5 Nd7 26. Nf5 Re8 27. Re1 f6
28. g3 Ng6 29. Nd3 Qf7 30. Rxe8+ Qxe8 31. c4 Qe6 32. g4 dxc4 33. Nf2 Qd5 34. Ne4
c5 35. dxc5 Nxc5 36. b4 cxb3 37. axb3 Qd3 38. Qxd3 Nxd3 39. Nfd6 Nc1 40. b4 a5
41. b5 a4 42. Nc4 Ne5 43. Na3 Nxf3 44. Nc3 Ne5 45. Nxa4 Nd7 46. Nc4 Kf7 47.
Naxb6 Nxb6 48. Nxb6 Ke7 49. Nc4 Kd7 50. Kg2 Nd3 51. Kg3 Ne5 52. Nxe5+ fxe5 53.
Kf3 Kd6 54. Ke4 Kc5 55. Kxe5 Kxb5 56. Ke6 Kc6 57. Kf7 Kd7 58. Kxg7 Ke7 59. Kxh7
Kf6 60. h4 Kf7 61. g5 Kf8 62. g6 {Black resigns} 1-0

[Event "Team 45 45 League T93"]
[Site "Internet Chess Club"]
[Date "2022.07.24"]
[Round "2"]
[White "SeniorCitizen"]
[Black "DaveTheRook"]
[Result "0-1"]
[WhiteElo "1265"]
[BlackElo "1397"]
[Opening "Sicilian: Najdorf, Opocensky variation"]
[ECO "B92"]
[Time "14:01:18"]
[PlyCount "120"]
[TimeControl "2700+45"]

1. e4 c5 2. Nf3 d6 3. d4 cxd4 4. Nxd4 Nf6 5. Nc3 a6 6. Be2 e5 7. Nb3 Be7 8. O-O
Be6 9. Be3 Nbd7 10. f4 Rc8 11. f5 Bc4 12. Nd2 Bxe2 13. Qxe2 b5 14. Rac1 Qc7 15.
a3 Qb7 16. Qd3 Nc5 17. Bxc5 Rxc5 18. Nb3 Rc8 19. Nd5 Nxd5 20. Qxd5 Qxd5 21. exd5
Bg5 22. Rb1 Rxc2 23. Nc1 Kd7 24. Nd3 a5 25. Rfd1 Rhc8 26. h3 e4 27. Ne1 Rc1 28.
Kf1 Rxb1 29. Rxb1 Rc1 30. Rxc1 Bxc1 31. b4 axb4 32. axb4 Bd2 33. Nc2 Ke7 34. Ke2
Bc1 35. g4 Kf6 36. Nd4 Ke5 37. Nxb5 Kxd5 38. Nc3+ Kc6 39. Nxe4 Bf4 40. Kd3 Kb5
41. Nc3+ Kc6 42. Ke4 Bd2 43. Nd5 Kb5 44. Kd4 Be1 45. Ke4 Bg3 46. Kd4 Bf2+ 47.
Kc3 Be1+ 48. Kb3 Bd2 49. Nc3+ Kb6 50. Kc4 Kc6 51. Ne4 Be1 52. Nc3 Bf2 53. b5+
Kd7 54. Nd5 Bg1 55. b6 Kc6 56. g5 Bxb6 57. Nxb6 Kxb6 58. Kd5 Kc7 59. h4 g6 60.
f6 Kd7 {White resigns} 0-1

[Event "Team 45 45 League T93"]
[Site "Internet Chess Club"]
[Date "2022.07.24"]
[Round "2"]
[White "cysk"]
[Black "primerpaso"]
[Result "1-0"]
[WhiteElo "1710"]
[BlackElo "1827"]
[Opening "Sicilian: closed, 2...Nc6"]
[ECO "B23"]
[Time "14:00:45"]
[PlyCount "47"]
[TimeControl "2700+45"]

1. e4 c5 2. Nc3 Nc6 3. Bb5 Nd4 4. Bc4 g6 5. f4 Bg7 6. Nf3 e6 7. O-O Ne7 8. Ne2
O-O 9. Nexd4 cxd4 10. e5 d6 11. Qe1 Nc6 12. a3 dxe5 13. d3 Qc7 14. Qh4 f6 15.
Bb3 Kh8 16. fxe5 Nxe5 17. Nxd4 f5 18. Kh1 Ng4 19. Nf3 h6 20. h3 Bf6 21. Qe1 Ne5
22. Bxh6 Re8 23. Qg3 Qh7 24. Nxe5 {Black resigns} 1-0

[Event "Team 45 45 League T93"]
[Site "Internet Chess Club"]
[Date "2022.07.24"]
[Round "2"]
[White "BuddyT"]
[Black "ChessMaine"]
[Result "1-0"]
[WhiteElo "1587"]
[BlackElo "1425"]
[Opening "QGD: exchange, positional line"]
[ECO "D35"]
[Time "21:01:49"]
[PlyCount "61"]
[TimeControl "2700+45"]

1. d4 d5 2. c4 e6 3. Nc3 Nf6 4. cxd5 exd5 5. Bg5 Be7 6. e3 c6 7. Bd3 O-O 8. Qc2
Nbd7 9. Nge2 h6 10. Bh4 Re8 11. f3 c5 12. O-O cxd4 13. Nxd4 Nc5 14. Bb5 Bd7 15.
Rad1 a6 16. Bxd7 Ncxd7 17. Nf5 Rc8 18. Qf2 Qb6 19. Nxd5 Nxd5 20. Rxd5 Bxh4 21.
Qxh4 Nf6 22. Qg3 g6 23. Rd6 Qxb2 24. Nxh6+ Kf8 25. e4 Rc1 26. Rdd1 Rec8 27. Qf4
Rxd1 28. Rxd1 Rc2 29. e5 Rxg2+ 30. Kh1 Qe2 31. Rd8+ {Black forfeits on time} 1-0

[Event "Team 45 45 League T93"]
[Site "Internet Chess Club"]
[Date "2022.07.23"]
[Round "2"]
[White "blind-warrior"]
[Black "kabindra"]
[Result "0-1"]
[WhiteElo "1329"]
[BlackElo "1717"]
[Opening "Queen's pawn, Mason variation, Steinitz counter-gambit"]
[ECO "D00"]
[Time "16:00:26"]
[PlyCount "72"]
[TimeControl "2700+45"]

1. d4 d5 2. Bf4 c5 3. e3 cxd4 4. exd4 Nc6 5. Nf3 Bf5 6. Bb5 Qb6 7. Bxc6+ bxc6 8.
Qc1 Qa6 9. Nbd2 e6 10. a3 Nf6 11. c4 Nh5 12. Be3 dxc4 13. Nxc4 Be7 14. Qc3 Be4
15. Bd2 Bd5 16. Rc1 Nf6 17. O-O Ne4 18. Qd3 O-O 19. Be3 c5 20. dxc5 Bxc5 21.
Nfd2 Bxe3 22. Qxe3 Nxd2 23. Nxd2 Rab8 24. b4 Qb7 25. f3 Qb6 26. Rfe1 h6 27. Qxb6
axb6 28. Ne4 Ra8 29. Re3 Rfc8 30. Rec3 Rxc3 31. Rxc3 f5 32. Nd6 Rd8 33. Nb5 Kf7
34. Kf2 Kf6 35. g3 g5 36. h3 h5 {White forfeits on time} 0-1

[Event "Team 45 45 League T93"]
[Site "Internet Chess Club"]
[Date "2022.07.23"]
[Round "2"]
[White "cool64chess"]
[Black "Packerfan"]
[Result "1-0"]
[WhiteElo "2005"]
[BlackElo "1746"]
[Opening "QGD semi-Slav"]
[ECO "D43"]
[Time "10:00:37"]
[PlyCount "63"]
[TimeControl "2700+45"]

1. d4 d5 2. c4 c6 3. Nf3 Nf6 4. Nc3 e6 5. Bg5 Be7 6. e3 Nbd7 7. Bd3 dxc4 8. Bxc4
O-O 9. O-O h6 10. Bh4 Nd5 11. Bg3 Re8 12. Rc1 Nxc3 13. bxc3 b5 14. Bd3 Bb7 15.
a4 a6 16. c4 bxc4 17. Bxc4 c5 18. Be2 cxd4 19. Bc7 Qc8 20. Qxd4 Bf6 21. Qb4 Bxf3
22. Bxf3 Ra7 23. Bd6 Qd8 24. Rfd1 Be7 25. Bc6 Bxd6 26. Qxd6 Re7 27. Rc2 Kf8 28.
Rcd2 Ke8 29. Qd4 Rc7 30. Qxg7 Rxc6 31. Qg8+ Nf8 32. Rxd8# {Black checkmated} 1-0

[Event "Team 45 45 League T93"]
[Site "Internet Chess Club"]
[Date "2022.07.22"]
[Round "2"]
[White "vollmerj"]
[Black "fhunfi"]
[Result "0-1"]
[WhiteElo "1487"]
[BlackElo "1739"]
[Opening "Réti opening"]
[ECO "A05"]
[Time "19:31:02"]
[PlyCount "92"]
[TimeControl "2700+45"]

1. Nf3 Nf6 2. g3 d5 3. Bg2 c5 4. c4 d4 5. b4 cxb4 6. a3 b3 7. Qxb3 Nc6 8. O-O e6
9. e3 dxe3 10. dxe3 Bc5 11. Bb2 Qb6 12. Qxb6 axb6 13. Nc3 Bd7 14. Nb5 Ke7 15.
Nbd4 Ra4 16. Nxc6+ Bxc6 17. Nd2 Rha8 18. Bxc6 bxc6 19. Nb3 Bxa3 20. Bxa3+ Rxa3
21. Rxa3 Rxa3 22. Nd4 Kd6 23. Nc2 Rc3 24. Rd1+ Kc7 25. Nd4 Rxc4 26. Nf3 Rc5 27.
Ra1 Ra5 28. Rc1 h6 29. Nd4 Rc5 30. Ra1 Kb7 31. Nb3 Rc3 32. Nd4 Ne4 33. Nf3 Rc5
34. Rd1 Rd5 35. Rc1 c5 36. Rc4 f5 37. Nh4 b5 38. Rc1 g5 39. Ng6 g4 40. Nf4 Rd6
41. Ng6 c4 42. Rb1 Kb6 43. Ne5 Kc5 44. Nf7 Rd2 45. Nxh6 c3 46. Nf7 c2 {White
resigns} 0-1

[Event "Team 45 45 League T93"]
[Site "Internet Chess Club"]
[Date "2022.07.24"]
[Round "2"]
[White "hewdondada"]
[Black "RD1974"]
[Result "1/2-1/2"]
[WhiteElo "1659"]
[BlackElo "1571"]
[Opening "Dutch defense, Rubinstein variation"]
[ECO "A40"]
[Time "19:00:31"]
[PlyCount "77"]
[TimeControl "2700+45"]

1. d4 e6 2. c4 f5 3. Nc3 Nf6 4. Bg5 Be7 5. Nf3 O-O 6. e3 Ne4 7. Bxe7 Qxe7 8. Qc2
Ng5 9. Be2 b6 10. Nxg5 Qxg5 11. Bf3 Nc6 12. g3 Ba6 13. b3 Rab8 14. Nb5 Bb7 15.
O-O Nb4 16. Qe2 Bxf3 17. Qxf3 a6 18. Nc3 Nc6 19. a3 Na5 20. Rab1 Qe7 21. Qf4 d6
22. Qf3 g5 23. Rfe1 Qg7 24. Rec1 c5 25. Qd1 f4 26. dxc5 fxe3 27. fxe3 dxc5 28.
Qg4 Qe5 29. Ne4 Rf5 30. Rf1 Rbf8 31. Rxf5 Rxf5 32. Rd1 Nc6 33. Rd7 Qa1+ 34. Rd1
Qg7 35. Qh5 Qe7 36. Nd6 Rf8 37. Ne4 Rf5 38. Nd6 Rf8 39. Ne4 {Game drawn by
mutual agreement} 1/2-1/2

[Event "Team 45 45 League T93"]
[Site "Internet Chess Club"]
[Date "2022.07.20"]
[Round "2"]
[White "tightfist"]
[Black "ChessG2011"]
[Result "1-0"]
[WhiteElo "1474"]
[BlackElo "1479"]
[Opening "King's Indian, 3.Nf3"]
[ECO "E60"]
[Time "13:13:34"]
[PlyCount "65"]
[TimeControl "2700+45"]

1. Nf3 Nf6 2. c4 g6 3. d4 Bg7 4. e3 O-O 5. Bd3 d5 6. O-O c6 7. Nc3 Nbd7 8. Qb3
Nb6 9. c5 Nbd7 10. Qc2 b6 11. b4 b5 12. a4 a6 13. Bd2 Bb7 14. Rfe1 Nb8 15. e4
dxe4 16. Nxe4 Nxe4 17. Rxe4 Nd7 18. Rae1 Re8 19. Bc3 Nf6 20. R4e2 Nd5 21. Bd2
Nc7 22. Bc3 Ne6 23. Re4 Nc7 24. a5 Bc8 25. Ne5 Bb7 26. Rf4 Nd5 27. Nxf7 Qd7 28.
Rf3 Nxc3 29. Qxc3 Qxd4 30. Qb3 Rf8 31. Nh6+ Kh8 32. Qg8+ Rxg8 33. Nf7# {Black
checkmated} 1-0

[Event "Team 45 45 League T93"]
[Site "Internet Chess Club"]
[Date "2022.07.23"]
[Round "2"]
[White "BlueStorm"]
[Black "Gojira"]
[Result "0-1"]
[WhiteElo "1399"]
[BlackElo "1515"]
[Opening "Sicilian: Hungarian variation"]
[ECO "B27"]
[Time "08:06:02"]
[PlyCount "96"]
[TimeControl "2700+45"]

1. e4 c5 2. Nf3 g6 3. d3 Nc6 4. g3 Bg7 5. Bg2 d6 6. O-O e6 7. Re1 Nge7 8. c3 b6
9. Nbd2 Bb7 10. Nf1 O-O 11. d4 Rc8 12. Be3 cxd4 13. cxd4 Nb4 14. Re2 Bxe4 15.
Qb3 Nc2 16. Rc1 Nxe3 17. Qxe3 Rxc1 18. Qxc1 Bxf3 19. Bxf3 Bxd4 20. Rc2 d5 21.
Be2 a5 22. a4 Nf5 23. Qf4 Bc5 24. Nd2 Nd4 25. Nf3 Nxc2 26. Qh6 Be7 27. h4 Bf6
28. h5 Bg7 29. Qd2 Qc7 30. Bd3 Nb4 31. hxg6 fxg6 32. Ng5 Qe5 33. f4 Qd4+ 34. Kh2
Qxd3 35. Qe1 Qc2+ 36. Kh3 Qf5+ 37. Kg2 Rc8 38. Qxe6+ Qxe6 39. Nxe6 Rc2+ 40. Kf3
d4 41. Nxg7 Kxg7 42. g4 d3 43. f5 d2 44. Ke2 gxf5 45. gxf5 h5 46. f6+ Kxf6 47.
Kd1 h4 48. b3 h3 {White resigns} 0-1

[Event "Team 45 45 League T93"]
[Site "Internet Chess Club"]
[Date "2022.07.22"]
[Round "2"]
[White "rkjulianjr"]
[Black "BrerRabbit"]
[Result "1-0"]
[WhiteElo "1316"]
[BlackElo "1354"]
[Opening "QGD Slav defense: exchange variation"]
[ECO "D10"]
[Time "11:01:40"]
[PlyCount "99"]
[TimeControl "2700+45"]

1. d4 d5 2. c4 c6 3. cxd5 cxd5 4. Bf4 Nc6 5. e3 Nf6 6. Nc3 a6 7. Bd3 Bg4 8. Nf3
e6 9. h3 Bxf3 10. Qxf3 Bd6 11. Bxd6 Qxd6 12. O-O O-O 13. a3 b5 14. b4 Na7 15.
Ra2 Nc8 16. e4 Qc6 17. Rc2 Qb6 18. e5 Nd7 19. Qh5 g6 20. Qh4 Ne7 21. Qxe7 Qxd4
22. Qxd7 Qxd3 23. Rfc1 Qd4 24. Ne2 Qxe5 25. Ng3 Rad8 26. Qb7 d4 27. Rd2 Qf4 28.
Rcd1 e5 29. Qxa6 Ra8 30. Qxb5 Rxa3 31. Qc4 Ra4 32. Ne2 Qf6 33. Nxd4 exd4 34.
Rxd4 Qb6 35. Qb3 Ra7 36. Rd8 Rxd8 37. Rxd8+ Qxd8 38. b5 Qd6 39. Qc3 Rb7 40. Qc8+
Kg7 41. Qxb7 Qd1+ 42. Kh2 Qd6+ 43. g3 Qd2 44. Kg2 h5 45. b6 Qe2 46. Qf3 Qb5 47.
b7 Qe8 48. Qc3+ Kh6 49. Qe3+ Kg7 50. Qxe8 {Black resigns} 1-0

[Event "Team 45 45 League T93"]
[Site "Internet Chess Club"]
[Date "2022.07.21"]
[Round "2"]
[White "Knightburgler"]
[Black "seldredg"]
[Result "0-1"]
[WhiteElo "1178"]
[BlackElo "1274"]
[Opening "French defense"]
[ECO "C01"]
[Time "12:59:44"]
[PlyCount "94"]
[TimeControl "2700+45"]

1. d4 e6 2. e4 f5 3. exf5 exf5 4. d5 Nf6 5. Bg5 Be7 6. Bxf6 Bxf6 7. Nc3 Qe7+ 8.
Qe2 Qxe2+ 9. Ngxe2 a6 10. a4 d6 11. O-O-O Nd7 12. Nd4 Bxd4 13. Rxd4 O-O 14. b4
Ne5 15. Be2 Bd7 16. Re1 Rac8 17. f3 c5 18. dxc6 Rxc6 19. Nd5 Re8 20. h3 h5 21.
f4 Ng6 22. g3 Nf8 23. Kd2 Ne6 24. Bxh5 Nxd4 25. Rxe8+ Bxe8 26. Ne7+ Kf8 27. Nxc6
Bxc6 28. Kd3 Ne6 29. Kc4 d5+ 30. Kd3 Ke7 31. Bf3 g5 32. fxg5 Nxg5 33. Bg2 Kf6
34. Kd4 Ne6+ 35. Kd3 Ke5 36. h4 Bxa4 37. h5 Be8 38. h6 Bg6 39. Ke3 b6 40. c3 a5
41. bxa5 bxa5 42. Bf1 a4 43. Kd2 Ng5 44. Kc2 f4+ 45. Kb2 fxg3 46. Ka3 Bc2 47.
Bb5 g2 {White resigns} 0-1

[Event "Team 45 45 League T93"]
[Site "Internet Chess Club"]
[Date "2022.07.21"]
[Round "2"]
[White "howah45"]
[Black "Toalla"]
[Result "0-1"]
[WhiteElo "1164"]
[BlackElo "1233"]
[Opening "Caro-Kann: advance variation"]
[ECO "B12"]
[Time "11:00:43"]
[PlyCount "78"]
[TimeControl "2700+45"]

1. e4 c6 2. d4 d5 3. e5 g6 4. Nf3 Bg7 5. Nc3 Bg4 6. h3 Bxf3 7. Qxf3 e6 8. Bd3
Nh6 9. Bd2 Qh4 10. Qf4 Qxf4 11. Bxf4 Nd7 12. O-O f5 13. exf6 Nxf6 14. Be5 O-O
15. Rae1 Rae8 16. Bd6 Rf7 17. Re2 Nf5 18. Bxf5 gxf5 19. Rfe1 Ne4 20. Nxe4 dxe4
21. f3 Bxd4+ 22. Kh1 exf3 23. gxf3 Bxb2 24. Rxe6 Rxe6 25. Rxe6 Kg7 26. Be5+ Bxe5
27. Rxe5 Kg6 28. Kh2 Kf6 29. Ra5 a6 30. Ra4 Re7 31. Rb4 b5 32. Rb2 h5 33. c3 f4
34. h4 Re3 35. Rd2 Ke6 36. Kg2 Rxc3 37. Rd4 Rc2+ 38. Kh3 Rxa2 39. Rxf4 Ra4
{White resigns} 0-1

[Event "Team 45 45 League T93"]
[Site "Internet Chess Club"]
[Date "2022.07.22"]
[Round "2"]
[White "kabubi"]
[Black "Alisson27"]
[Result "1-0"]
[WhiteElo "1153"]
[BlackElo "876"]
[Opening "Scotch opening"]
[ECO "C44"]
[Time "14:00:24"]
[PlyCount "37"]
[TimeControl "2700+45"]

1. e4 e5 2. Nf3 Nc6 3. d4 f6 4. dxe5 fxe5 5. Nxe5 Nxe5 6. Qh5+ Nf7 7. Bc4 Qe7 8.
Nc3 Nf6 9. Qf3 c6 10. Bg5 h6 11. Be3 d6 12. O-O Be6 13. Bd3 d5 14. exd5 Nxd5 15.
Bd4 c5 16. Nxd5 Bxd5 17. Qxd5 cxd4 18. Bb5+ Qd7 19. Qxd7# {Black checkmated} 1-0

[Event "Team 45 45 League T93"]
[Site "Internet Chess Club"]
[Date "2022.07.20"]
[Round "2"]
[White "cobrabrava"]
[Black "Denis240964"]
[Result "1-0"]
[WhiteElo "1456"]
[BlackElo "1404"]
[Opening "Four knights: Scotch, 4...exd4"]
[ECO "C47"]
[Time "19:00:17"]
[PlyCount "83"]
[TimeControl "2700+45"]

1. e4 e5 2. Nc3 Nc6 3. Nf3 Nf6 4. d4 exd4 5. Nxd4 Nxd4 6. Qxd4 d6 7. Be2 Be7 8.
O-O O-O 9. Bf4 c6 10. Rad1 Ne8 11. Bg3 Be6 12. Kh1 Qc7 13. f4 b6 14. f5 c5 15.
Qd2 Bd7 16. Nd5 Qd8 17. Nxe7+ Qxe7 18. e5 d5 19. Qxd5 Rd8 20. e6 Nf6 21. Qd6
Qxd6 22. Rxd6 Rfe8 23. Rfd1 Re7 24. exf7+ Kf8 25. Bb5 Kxf7 26. Bc4+ Ke8 27. Bh4
b5 28. Bxf6 gxf6 29. Bxb5 Bxb5 30. Rxd8+ Kf7 31. R8d5 Rc7 32. b4 Ke7 33. Rxc5
Rb7 34. Kg1 h5 35. c4 Bd7 36. Re1+ Kf7 37. b5 Kf8 38. a4 Kf7 39. Rd5 Rc7 40. c5
Bc8 41. Red1 Ke7 42. c6 {Black resigns} 1-0